 Dungeon Crawl Stone Soup version 0.23-a0-143-g1adec7b (webtiles) character file.

4514 Amnesiac the Conjurer (level 10, -1/63 HPs)
             Began as a Mummy Ice Elementalist on Sept 4, 2018.
             Was an Elder of Vehumet.
             Slain by a yak (15 damage)
             ... on level 9 of the Dungeon.
             The game lasted 00:19:23 (9422 turns).

Amnesiac the Conjurer (Mummy Ice Elementalist)      Turns: 9422, Time: 00:19:24

Health: -1/63      AC:  5    Str: 12    XL:     10   Next: 16%
Magic:  0/21       EV: 13    Int: 18    God:    Vehumet [****..]
Gold:   450        SH:  5    Dex: 15    Spells: 6/23 levels left

rFire    x . .     SeeInvis .   a - +2 war axe (elec)
rCold    + . .     Gourm    .   j - +0 buckler
rNeg     + + +     Faith    .   h - +0 robe
rPois    ∞         Spirit   +   (no helmet)
rElec    .         Reflect  .   p - scarf {Spirit}
rCorr    .         Harm     .   (no gloves)
MR       +....                  l - +2 pair of boots
Stlth    +++.......             (no amulet)
HPRegen  0.20/turn              c - +3 ring of dexterity
MPRegen  0.17/turn              i - ring of stealth

@: no status effects
A: no food or potions, fire vulnerability, cold resistance 1, negative energy
resistance 3, torment resistance, unbreathing
a: Renounce Religion


You were on level 9 of the Dungeon.
You worshipped Vehumet.
Vehumet was greatly pleased with you.
You were not hungry.

You visited 1 branch of the dungeon, and saw 9 of its levels.
You also visited: Sewer.

You collected 450 gold pieces.

Inventory:

Hand Weapons
 a - a +2 war axe of electrocution (weapon)
 t - a +2 spear of venom
Missiles
 d - 11 tomahawks (quivered)
Armour
 h - a +0 robe (worn)
 j - a +0 buckler (worn)
 l - a +2 pair of boots (worn)
 p - a scarf of spirit shield (worn)
Jewellery
 c - a +3 ring of dexterity (left hand)
 i - a ring of stealth (right hand)
Wands
 g - a wand of enslavement (8)
 s - a wand of random effects (31)
Scrolls
 b - a scroll of amnesia {!r}
 e - 8 scrolls of remove curse {!r}
 f - a scroll of fear {!r}
 k - 4 scrolls of teleportation {!r}
 m - 5 scrolls of magic mapping {!r}
 n - a scroll of summoning {!r}
 o - 4 scrolls of identify {!r}
 q - 2 scrolls of blinking {!r}
 r - 2 scrolls of enchant armour {!r}
 u - a scroll of enchant weapon {!r, unknown}
 v - a scroll of vulnerability {!r, unknown}


   Skills:
 + Level 3.3 Dodging
 - Level 1.5 Stealth
 - Level 4.0 Shields
 + Level 7.4 Spellcasting
 * Level 7.5 Conjurations
 * Level 7.4 Ice Magic


You had 6 spell levels left.
You knew the following spells:

 Your Spells              Type           Power        Failure   Level  Hunger
a - Freeze                Ice            ####         1%          1    N/A
b - Summon Ice Beast      Ice/Summ       ###.....     22%         4    N/A
c - Confusing Touch       Hex            #.....       11%         1    N/A
d - Throw Icicle          Conj/Ice       ####....     1%          4    N/A
e - Flame Tongue          Conj/Fire      ###..        1%          1    N/A
s - Conjure Flame         Conj/Fire      ###.....     1%          3    N/A
z - Ozocubu's Armour      Chrm/Ice       ###.....     7%          3    N/A

Your spell library contained the following spells:

 Spells                   Type           Power        Failure   Level  Hunger
 Stone Arrow              Conj/Erth      ###...       1%          3    N/A
 Magic Dart               Conj           ####         1%          1    N/A
 Searing Ray              Conj           ####..       1%          2    N/A
 Throw Frost              Conj/Ice       ####..       1%          2    N/A
 Dazzling Spray           Conj/Hex       ###...       1%          3    N/A
 Iskenderun's Mystic Bla  Conj           ####....     1%          4    N/A
 Force Lance              Conj/Tloc      ###.....     6%          4    N/A
 Fulminant Prism          Conj/Hex       ###.......   6%          4    N/A
 Confuse                  Hex            #.......     30%         3    N/A
 Gell's Gravitas          Tloc           #.........   30%         3    N/A
 Metabolic Englaciation   Hex/Ice        ###.......   52%         5    N/A
 Yara's Violent Unravell  Hex/Tmut       #.........   54%         5    N/A
 Petrify                  Tmut/Erth      #.......     71%         4    N/A

Dungeon Overview and Level Annotations

Branches:
Dungeon (9/15)             Temple (0/1) D:6            Lair (0/6) D:8
    Orc: D:9-12

Altars:
Ashenzari
Elyvilon
Qazlal
Vehumet
Xom

Annotations:
D:7 Harold


Innate Abilities, Weirdness & Mutations

You do not eat or drink.
Your flesh is vulnerable to fire.
You are immune to poison.
Your flesh is cold resistant. (rC+)
You are immune to negative energy. (rN+++)
You are immune to unholy pain and torment.
You can survive without breathing.


Message History

The shard of ice hits the yak.
The yak is severely wounded.
A yak comes into view.
The yak gores you.
Unknown command.
Casting: Throw Icicle (safe; 1% risk of failure)
Confirm with . or Enter, or press ? or * to list all spells.
Aiming: Freeze (safe; 1% risk of failure)
Press: ? - help, Shift-Dir - straight line, f/p - yak
Aim: a yak (severely wounded)
You freeze the yak.
The yak is almost dead.
Unknown command.
Casting: Freeze (safe; 1% risk of failure)
Confirm with . or Enter, or press ? or * to list all spells.
Aiming: Freeze (safe; 1% risk of failure)
Press: ? - help, Shift-Dir - straight line, f - yak, p - yak
Aim: a yak You freeze the yak.
The yak is lightly wounded.
Evoke which item? (* to show all) (? for menu, Esc to quit)
Aiming: Random Effects
Press: ? - help, Shift-Dir - straight line, f/p - yak
Aim: a yak (lightly wounded)
The mass of ice explodes!
The iceblast engulfs the yak.
The yak is heavily wounded.
The iceblast engulfs you! You partially resist. You block the yak's attack.
Evoke which item? (* to show all) (? for menu, Esc to quit)
Aiming: Random Effects
Press: ? - help, Shift-Dir - straight line, f/p - yak
Aim: a yak (heavily wounded)
The yak seems to speed up.
The yak gores you!
Evoke which item? (* to show all) (? for menu, Esc to quit)
Aiming: Random Effects
Press: ? - help, Shift-Dir - straight line, f/p - yak
Aim: a yak (heavily wounded, fast)
The fireball explodes!
The fireball engulfs the yak.
The yak is severely wounded.
The fireball engulfs the yak.
You kill the yak!
Vehumet accepts your kill.
You feel your power returning. The fireball engulfs you!
The fire burns you terribly! The yak gores you. The yak gores you!
* * * LOW HITPOINT WARNING * * *
Casting: Freeze (safe; 1% risk of failure)
Confirm with . or Enter, or press ? or * to list all spells.
Aiming: Freeze (safe; 1% risk of failure)
Press: ? - help, Shift-Dir - straight line, f/p - yak
Aim: a yak (severely wounded, fast)
You freeze the yak.
The yak is almost dead.
The yak gores you!
* * * LOW HITPOINT WARNING * * *
Unknown command.
Casting: Freeze (safe; 1% risk of failure)
Confirm with . or Enter, or press ? or * to list all spells.
You don't have enough magic to cast that spell.
Unknown command.
You barely miss the yak.
The yak is almost dead.
The yak gores you but does no damage.
A phantom comes into view.
The yak misses you. The yak gores you!
You die...

...# #.......# ...## ####
##....### ....##
###..#######.).##
..†..#####..##....##..###
##...<##..######.....##
####.....## ##....#
##...## #...## #...#
##..## #...# ##@###
#.....# ##Y## #..###..#
#Y## #.# #.....## .#
##..W. #...# #... #....
#..%


You could see 2 yaks and a phantom.

Vanquished Creatures
  Prince Ribbit (D:7)
  6 yaks
  Menkaure (D:4)
  2 wargs (D:8)
  A water moccasin (D:9)
  3 orc warriors
  An ogre (D:4)
  2 phantoms
  2 ice beasts
  2 centaurs
  7 bullfrogs
  A gnoll sergeant (D:8)
  A water moccasin skeleton (D:5)
  4 howler monkeys
  2 crimson imps
  A quasit (D:6)
  3 hounds
  4 orc priests
  A bullfrog skeleton (D:7)
  8 orc wizards
  4 iguanas
  8 worker ants
  A hound zombie (D:6)
  2 hound skeletons
  A worker ant zombie (D:7)
  10 gnolls
  17 adders
  2 river rats (D:6)
  14 oozes
  An adder skeleton (D:5)
  An adder zombie (D:5)
  5 worms
  A dart slug (D:1)
  13 leopard geckos
  30 orcs
  11 ball pythons
  15 giant cockroaches
  12 goblins
  4 hobgoblins
  8 jackals
  4 quokkas
  6 bats
  10 frilled lizards
  A jackal skeleton (D:4)
  5 kobolds
  2 quokka skeletons
  6 rats
247 creatures vanquished.

Vanquished Creatures (others)
  A gnoll (D:8)
  A jackal (D:7)
2 creatures vanquished.

Grand Total: 249 creatures vanquished

Notes
Turn   | Place    | Note
-------+----------+-------------------------------------------
     0 | D:1      | Amnesiac the Mummy Ice Elementalist began the quest for the
                  | Orb.
     0 | D:1      | Reached XP level 1. HP: 13/13 MP: 4/4
   555 | D:2      | Reached XP level 2. HP: 19/19 MP: 2/5
   807 | D:4      | Reached XP level 3. HP: 17/24 MP: 1/7
   812 | D:4      | Learned a level 3 spell: Ozocubu's Armour
   932 | D:4      | Found a shattered altar of Ashenzari.
   945 | D:5      | Entered Level 5 of the Dungeon
   950 | D:5      | Noticed a centaur
  1032 | D:4      | Reached XP level 4. HP: 14/30 MP: 2/9
  1244 | D:4      | Noticed Menkaure
  1802 | D:5      | Reached XP level 5. HP: 26/35 MP: 7/11
  1806 | D:5      | Found a radiant altar of Vehumet.
  1806 | D:5      | Found a shimmering altar of Xom.
  1807 | D:5      | Found a stormy altar of Qazlal.
  1813 | D:5      | Became a worshipper of Vehumet
  2566 | D:2      | Reached XP level 6. HP: 35/41 MP: 7/13
  2935 | D:3      | Reached * piety under Vehumet
  2935 | D:3      | Offered knowledge of Flame Tongue by Vehumet.
  2942 | D:3      | Learned a level 1 spell: Flame Tongue
  2948 | D:3      | Found a white marble altar of Elyvilon.
  3516 | D:4      | Learned a level 1 spell: Confusing Touch
  3573 | D:4      | Reached skill level 5 in Spellcasting
  3573 | D:4      | Reached skill level 5 in Ice Magic
  3579 | D:4      | Learned a level 4 spell: Throw Icicle
  3584 | D:4      | Learned a level 4 spell: Summon Ice Beast
  3655 | D:4      | Killed Menkaure
  3655 | D:4      | Reached skill level 1 in Shields
  3705 | D:5      | Reached XP level 7. HP: 39/46 MP: 12/15
  4212 | D:5      | Reached skill level 1 in Conjurations
  4706 | D:6      | Reached XP level 8. HP: 49/52 MP: 14/17
  4720 | D:6      | Found a staircase to the Ecumenical Temple.
  4989 | D:6      | Reached ** piety under Vehumet
  5000 | D:6      | Offered knowledge of Throw Flame by Vehumet.
  5120 | D:6      | Found a glowing drain.
  5127 | Sewer    | Entered a sewer
  5308 | Sewer    | Offered knowledge of Conjure Flame by Vehumet.
  5313 | Sewer    | Learned a level 3 spell: Conjure Flame
  5387 | Sewer    | Reached *** piety under Vehumet
  5569 | D:6      | You fall through a shaft for 2 floors!
  5569 | D:8      | Found a staircase to the Lair.
  5592 | D:8      | Reached skill level 5 in Conjurations
  6124 | D:6      | Reached XP level 9. HP: 44/57 MP: 10/18
  6390 | D:7      | Noticed Prince Ribbit
  6633 | D:6      | Offered knowledge of Ignite Poison by Vehumet.
  7503 | D:7      | Reached **** piety under Vehumet
  7572 | D:7      | Noticed Harold
  7752 | D:8      | Offered knowledge of Stone Arrow by Vehumet.
  8456 | D:8      | Reached XP level 10. HP: 54/63 MP: 2/20
  9256 | D:7      | Killed Prince Ribbit
  9422 | D:9      | Slain by a yak

Vault maps used:
D:1:      roderic_dead_forest
D:2:      minmay_wonky_spiral, hangedman_decor_points
D:3:      elyvilon_altar_4, minmay_strange_pillars, columned_hall_lemuel
D:4:      kennysheep_spiral_hall, first_ration, ashenzari_altar_1, uniq_menkaure
D:5:      minmay_diamond_boxcup, gammafunk_temple_overflow_claw
D:6:      temple_fountains, gup_sewer_entry_spiral, nicolae_underground_beach
D:7:      kennysheep_doodads, uniq_harold, uniq_prince_ribbit1
D:8:      erik_lair_orcish_takeover
D:9:      overflow_temple_1_default, enter_bailey_3, hangedman_pestilent_swarm
Sewer:    sewer_frog_island_02

Skill      XL: |  1  2  3  4  5  6  7  8  9 |
---------------+----------------------------+-----
Spellcasting   | 3 4 5 6 7 |  7.4
Ice Magic      | 3 4 5 6 7 |  7.4
Shields        | 1 2 4 |  4.0
Conjurations   | 2 5 7 |  7.5
Dodging        | 3 |  3.3
Stealth        | |  1.5

Action                   |  1- 3 |  4- 6 |  7- 9 | 10-12 || total
-------------------------+-------+-------+-------+-------++-------
Melee: Short sword       |     4 |       |       |       ||     4
       War axe           |       |    11 |   103 |     2 ||   116
       Unarmed           |       |     2 |     2 |       ||     4
       Spear             |       |       |    16 |       ||    16
       Trident           |       |       |     1 |       ||     1
Throw: Tomahawk          |       |     5 |       |       ||     5
 Cast: Freeze            |    31 |   113 |   277 |    10 ||   431
       Ozocubu's Armour  |       |     1 |     9 |       ||    10
       Flame Tongue      |       |     1 |     3 |       ||     4
       Confusing Touch   |       |     1 |     1 |       ||     2
       Throw Icicle      |       |       |    37 |    13 ||    50
Evoke: Wand              |       |       |    16 |     4 ||    20
  Use: Scroll            |       |     8 |    10 |       ||    18
 Stab: Distracted        |       |       |     2 |       ||     2
Armor: Robe              |     5 |    18 |   106 |     3 ||   132
Dodge: Dodged            |    19 |    64 |   214 |     3 ||   300
Block: Buckler           |       |     6 |    87 |     1 ||    94

Table legend:
 A = Non-vault XP
 B = Vault XP
 C = Vault XP percentage of total XP
 D = Non-vault monster count
 E = Vault monster count
 F = Vault count percentage of total count
                 A         B        C        D         E       F
            +---------+---------+-------+---------+---------+-------
      Total |    4792 |    1657 |  25.7 |     164 |      83 |  33.6
            +---------+---------+-------+---------+---------+-------
        D:1 |      28 |       0 |   0.0 |      13 |       0 |   0.0
        D:2 |      94 |       9 |   8.7 |      19 |       3 |  13.6
        D:3 |      39 |       0 |   0.0 |      17 |       0 |   0.0
        D:4 |     260 |     180 |  40.9 |      15 |       3 |  16.7
        D:5 |     670 |     121 |  15.3 |      18 |       6 |  25.0
        D:6 |    1259 |      51 |   3.9 |      29 |       7 |  19.4
        D:7 |    1010 |     268 |  21.0 |      25 |       1 |   3.8
        D:8 |     861 |     633 |  42.4 |      23 |       9 |  28.1
        D:9 |     571 |       0 |   0.0 |       5 |       0 |   0.0
      Sewer |       0 |     395 | 100.0 |       0 |      54 | 100.0
            +---------+---------+-------+---------+---------+-------
